 Dungeon Crawl Stone Soup version 0.28-a0-984-g3775c662fe (webtiles) character file.

Game seed: 1917287978078236724

25093 porpoise the Thaumaturge (level 12, -8/72 HPs)
             Began as a Deep Elf Conjurer on Dec 4, 2021.
             Was an Elder of Vehumet.
             Mangled by an entropy weaver simulacrum (23 damage)
             ... in an ice cave.
             The game lasted 01:17:34 (20013 turns).

porpoise the Thaumaturge (Deep Elf Conjurer)       Turns: 20013, Time: 01:17:36

Health: -8/72      AC: 10    Str:  6    XL:     12   Next: 86%
Magic:  20/32      EV: 15    Int: 33    God:    Vehumet [****..]
Gold:   1094       SH:  6    Dex: 13    Spells: 25/39 levels left

rFire   . . .      SeeInvis .   b - +0 hunting sling (venom)
rCold   . . .      Faith    .   i - +1 buckler
rNeg    . . .      Spirit   .   C - +1 robe {Will+}
rPois   .          Reflect  .   m - +0 helmet
rElec   .          Harm     .   r - +0 cloak
rCorr   .          Rampage  .   (no gloves)
Will    ++...                   F - +0 pair of boots
Stlth   +++.......              (no amulet)
HPRegen 0.22/turn               z - +4 ring of protection
MPRegen 0.23/turn               v - +6 ring of intelligence

@: no status effects
A: no striking features
a: Renounce Religion


You were in an ice cave.
You worshipped Vehumet.
Vehumet was greatly pleased with you.
You visited 3 branches of the dungeon, and saw 16 of its levels.
You also visited: Ice Cave.

You collected 1094 gold pieces.

Inventory:

Hand Weapons
 b - a +0 hunting sling of venom (weapon)
Missiles
 j - 16 poisoned darts
 k - 57 sling bullets (quivered ammo)
Armour
 i - a +1 buckler (worn)
 m - a +0 helmet (worn)
 r - a +0 cloak (worn)
 C - a +1 robe of willpower (worn)
 F - a +0 pair of boots (worn)
Magical Staves
 a - a staff of conjuration
Jewellery
 v - a +6 ring of intelligence (right hand)
 z - a +4 ring of protection (left hand)
Wands
 h - a wand of charming (7)
 w - a wand of iceblast (13)
 O - a wand of acid (4)
 U - a wand of polymorph (6)
Scrolls
 d - a scroll of teleportation
 e - a scroll of identify
 l - 3 scrolls of holy word
 t - a scroll of blinking
 u - a scroll of torment {unknown}
 N - a scroll of enchant weapon {unknown}
 X - a scroll of vulnerability {unknown}
Potions
 c - 3 potions of heal wounds
 f - a potion of might
 g - a potion of resistance
 n - a potion of ambrosia
 o - 2 potions of curing
 p - 3 potions of cancellation
 q - 3 potions of attraction
 s - a potion of brilliance
 D - 2 potions of magic
 M - 2 potions of lignification
 W - 2 potions of haste


   Skills:
 - Level 7.0 Fighting
 * Level 8.7 Dodging
 - Level 7.0 Stealth
 - Level 4.0 Shields
 - Level 14.0 Spellcasting
 - Level 9.0 Conjurations
 * Level 10.4 Hexes
 - Level 7.0 Translocations
 + Level 2.7 Fire Magic
 - Level 5.0 Poison Magic
 - Level 5.0 Evocations


You had 25 spell levels left.
You knew the following spells:

 Your Spells              Type           Power      Damage    Failure   Level
a - Magic Dart            Conj           100%       1d8       1%          1
b - Searing Ray           Conj           100%       2d8       1%          2
c - Fulminant Prism       Conj/Hex       36%        3d18      1%          4
d - Iskenderun's Mystic   Conj/Tloc      66%        2d14      1%          4
e - Ignite Poison         Fire/Tmut/Pois 40%        N/A       1%          3

Your spell library contained the following spells:

 Spells                   Type           Power      Damage    Failure   Level
 Freezing Cloud           Conj/Ice/Air   21%        6-21      4%          5
 Summon Small Mammal      Summ           92%        N/A       1%          1
 Static Discharge         Conj/Air       51%        N/A       1%          2
 Dazzling Flash           Conj/Hex       100%       N/A       1%          3
 Summon Guardian Golem    Hex/Summ       55%        N/A       1%          3
 Tukima's Dance           Hex            75%        N/A       1%          3
 Passage of Golubria      Tloc           62%        N/A       1%          4
 Sticky Flame             Conj/Fire      58%        2d7       1%          4
 Yara's Violent Unravell  Hex/Tmut       27%        3d12      1%          5
 Corpse Rot               Necr/Air       46%        N/A       2%          2
 Call Canine Familiar     Summ           23%        N/A       5%          3
 Summon Forest            Summ/Tloc      23%        N/A       12%         5
 Animate Dead             Necr           11%        N/A       19%         4
 Dispel Undead            Necr           23%        3d12      19%         4
 Eringya's Noxious Bog    Tmut/Pois      19%        N/A       26%         6
 Agony                    Necr           23%        N/A       45%         5
 Borgnjor's Vile Clutch   Necr/Erth      11%        N/A       45%         5
 Death Channel            Necr           11%        N/A       96%         6
 Simulacrum               Ice/Necr       11%        N/A       96%         6
 Summon Hydra             Summ           11%        N/A       100%        7


Dungeon Overview and Level Annotations

Branches:
Dungeon (12/15)            Temple (1/1) D:6            Lair (3/6) D:11
 Shoals (0/4) Lair:3       Spider (0/4) Lair:3          Orc (0/2) D:10
  IceCv (1/1)

Altars:
Ashenzari
Cheibriados
Dithmenos
Elyvilon
Fedhas
Gozag
Hepliaklqana
Kikubaaqudgha
Makhleb
Nemelex Xobeh
Okawaru
Qazlal
Ru
Sif Muna
Trog
Uskayaw
Vehumet
Wu Jian
Xom
Yredelemnul
Zin
The Shining One

Annotations:
D:7 exclusion: downstairs


Message History

The entropy weaver simulacrum is moderately damaged.
The searing ray hits the entropy weaver simulacrum.
The entropy weaver simulacrum is moderately damaged.
The searing ray hits the entropy weaver simulacrum.
The entropy weaver simulacrum is heavily damaged.
You finish channelling your searing ray.
You block the entropy weaver simulacrum's attack.
The entropy weaver simulacrum hits you but does no damage.
You block the entropy weaver simulacrum's attack.
The entropy weaver simulacrum hits you.
The entropy weaver simulacrum freezes you!!
Casting: Searing Ray (safe; 1% risk of failure)
Confirm with . or Enter, or press ? or * to list all spells.
You erupt in a blast of force!
The mystic blast hits the entropy weaver simulacrum!
The entropy weaver simulacrum is severely damaged.
The entropy weaver simulacrum is knocked back by the mystic blast.
Unknown command.
Casting: Iskenderun's Mystic Blast (safe; 1% risk of failure)
Confirm with . or Enter, or press ? or * to list all spells.
Aiming: Searing Ray (safe; 1% risk of failure)
Press: ? - help, Shift-Dir - straight line, f/p - entropy weaver simulacrum
Aim: an entropy weaver simulacrum (severely damaged, 87% to hit)
The searing ray misses the entropy weaver simulacrum. (Press . to maintain the ray.) Unknown command.
The searing ray hits the entropy weaver simulacrum.
The entropy weaver simulacrum is almost destroyed.
You block the entropy weaver simulacrum's attack.
The entropy weaver simulacrum closely misses you.
The entropy weaver simulacrum hits you but does no damage.
The entropy weaver simulacrum hits you.
The entropy weaver simulacrum freezes you!!
The searing ray hits the entropy weaver simulacrum.
The entropy weaver simulacrum is almost destroyed.
The entropy weaver simulacrum hits you but does no damage. x2
The entropy weaver simulacrum hits you!
* * * LOW HITPOINT WARNING * * *
The entropy weaver simulacrum freezes you!!
You die...

##...............##
##........###....##
####...### ###...#
. ##### ##..# (.
#...#


WW. ##..## ...# ##..## ...# ##..###..(# #.@Z....# ##....### ###### You could see
an entropy weaver simulacrum.

Vanquished Creatures
  A hydra (Lair:3)
  A boulder beetle (D:11)
  3 two-headed ogres
  An ugly thing (D:11)
  2 manticores
  An orc sorcerer (D:10)
  5 elephants (Lair:3)
  4 cane toads
  An unseen horror (D:11)
  A freezing wraith (IceCv)
  4 komodo dragons
  2 hornets
  9 blink frogs
  Sigmund (D:4)
  2 shadows (D:11)
  A vampire (D:11)
  4 redbacks (Lair:3)
  A basilisk (Lair:3)
  4 wyverns
  36 yaks
  A steam dragon (D:10)
  3 vampire mosquitoes (D:11)
  3 death yak simulacra (IceCv)
  A harpy simulacrum (IceCv)
  Menkaure (D:4)
  An acid dragon (D:9)
  10 water moccasins
  5 orc warriors
  An ice beast (D:7)
  An ogre (D:6)
  Duvessa (D:7)
  3 black bears
  6 wolves (D:11)
  2 centaurs
  3 phantoms (D:10)
  12 bullfrogs
  A gnoll sergeant (D:6)
  4 scorpions
  2 cane toad simulacra (IceCv)
  A two-headed ogre simulacrum (IceCv)
  Dowan (D:7)
  2 troll zombies (D:10)
  An elephant simulacrum (IceCv)
  9 wights
  3 howler monkeys
  An electric eel (D:11)
  A centaur zombie (D:10)
  2 hounds
  3 jellies
  5 orc priests
  Crazy Yiuf (D:4)
  4 iguanas
  7 orc wizards
  A statue (D:6)
  A wolf simulacrum (IceCv)
  A polar bear simulacrum (IceCv)
  4 ogre zombies (D:10)
  Robin (D:2)
  12 gnolls
  5 adders
  A naga simulacrum (IceCv)
  A shadow imp (D:5)
  3 white imps
  An ufetubus (IceCv)
  18 orcs
  3 bats
  9 endoplasms
  3 giant cockroaches
  18 goblins
  12 hobgoblins
  6 jackals
  7 quokkas
  4 ball pythons
  4 frilled lizards
  A goblin zombie (D:10)
  4 hobgoblin zombies (D:10)
  6 kobolds
  4 orc skeletons (D:10)
  10 orc zombies (D:10)
  5 rats
  A fulminant prism (Lair:2)
332 creatures vanquished.

Vanquished Creatures (others)
  A wizard (D:4)
  74 fulminant prisms
  70 fungi
  133 plants
278 creatures vanquished.

Grand Total: 610 creatures vanquished

Notes
Turn   | Place    | Note
-------+----------+-------------------------------------------
     0 | D:1      | porpoise the Deep Elf Conjurer began the quest for the Orb.
     0 | D:1      | Reached XP level 1. HP: 10/10 MP: 6/6
   187 | D:1      | Reached XP level 2. HP: 9/15 MP: 0/8
   294 | D:1      | Learned a level 2 spell: Searing Ray
   710 | D:1      | Reached skill level 4 in Spellcasting
   754 | D:1      | Reached skill level 5 in Conjurations
   754 | D:1      | Reached XP level 3. HP: 19/19 MP: 4/10
   817 | D:1      | You fall into a shaft and drop 1 floor!
  1258 | D:2      | Found a snail-covered altar of Cheibriados.
  1636 | D:2      | Noticed Robin
  1650 | D:2      | Killed Robin
  1774 | D:2      | Reached XP level 4. HP: 24/24 MP: 4/12
  2136 | D:3      | Reached skill level 5 in Spellcasting
  2455 | D:3      | Found a shadowy altar of Dithmenos.
  2476 | D:3      | Found an ancient bone altar of Kikubaaqudgha.
  2854 | D:4      | Reached XP level 5. HP: 19/28 MP: 3/14
  3207 | D:4      | Noticed Sigmund
  3215 | D:4      | Killed Sigmund
  3216 | D:4      | Reached skill level 6 in Spellcasting
  3216 | D:4      | Reached XP level 6. HP: 20/32 MP: 8/17
  3221 | D:4      | Learned a level 4 spell: Fulminant Prism
  3388 | D:4      | Learned a level 4 spell: Iskenderun's Mystic Blast
  3417 | D:4      | Noticed Menkaure
  3423 | D:4      | Killed Menkaure
  3424 | D:4      | Reached skill level 7 in Spellcasting
  3650 | D:4      | Reached XP level 7. HP: 24/36 MP: 15/19
  3814 | D:4      | Reached skill level 1 in Translocations
  3925 | D:4      | Found a bloodstained altar of Trog.
  3926 | D:4      | Noticed a wizard
  3931 | D:4      | Killed a wizard
  4602 | D:4      | Found a runed translucent door.
  4610 | D:4      | Noticed Crazy Yiuf
  4617 | D:4      | Killed Crazy Yiuf
  4790 | D:5      | Entered Level 5 of the Dungeon
  5142 | D:5      | Reached skill level 5 in Hexes
  5921 | D:5      | Reached XP level 8. HP: 41/41 MP: 15/20
  6210 | D:5      | Found a hazy altar of Hepliaklqana.
  6416 | D:6      | Found a snail-covered altar of Cheibriados.
  6806 | D:6      | Found a staircase to the Ecumenical Temple.
  6983 | Temple   | Entered the Ecumenical Temple
  7275 | D:6      | Reached skill level 5 in Stealth
  7275 | D:6      | Reached skill level 5 in Translocations
  7573 | D:6      | Found a radiant altar of Vehumet.
  7605 | D:6      | Became a worshipper of Vehumet
  7646 | D:6      | Noticed a hornet
  7649 | D:6      | Killed a hornet
  7650 | D:6      | Reached skill level 8 in Spellcasting
  8346 | D:7      | Reached XP level 9. HP: 45/45 MP: 15/23
  8531 | D:7      | Reached skill level 9 in Spellcasting
  8596 | D:7      | Found an iron altar of Okawaru.
  8906 | D:7      | Noticed Duvessa
  8912 | D:7      | Noticed Dowan
  8920 | D:7      | Killed Dowan
  8921 | D:7      | Reached skill level 1 in Fighting
  8931 | D:7      | Killed Duvessa
  9572 | D:7      | Found a sacrificial altar of Ru.
  9635 | D:8      | Noticed a manticore
  9785 | D:8      | Reached skill level 10 in Spellcasting
  9937 | D:8      | Killed a manticore
 10402 | D:8      | Reached skill level 11 in Spellcasting
 10710 | D:9      | Noticed a two-headed ogre
 10716 | D:9      | Killed a two-headed ogre
 10717 | D:9      | Reached skill level 5 in Fighting
 10717 | D:9      | Reached skill level 12 in Spellcasting
 10717 | D:9      | Reached XP level 10. HP: 59/59 MP: 19/28
 10871 | D:9      | Reached skill level 1 in Shields
 10895 | D:9      | Got the Volume of Unholy Secrets
 11066 | D:9      | Noticed a two-headed ogre
 11075 | D:9      | Killed a two-headed ogre
 11353 | D:10     | Entered Level 10 of the Dungeon
 11621 | D:10     | Reached * piety under Vehumet
 11621 | D:10     | Offered knowledge of Foxfire by Vehumet.
 11831 | D:10     | Found a staircase to the Orcish Mines.
 11831 | D:10     | Noticed an orc sorcerer
 11836 | D:10     | Killed an orc sorcerer
 12208 | D:10     | Identified the +8 trident "Loteommius" {venom, Str+3}
 12803 | D:10     | Reached skill level 5 in Dodging
 12803 | D:10     | Reached XP level 11. HP: 61/63 MP: 24/29
 13079 | D:10     | Reached ** piety under Vehumet
 13079 | D:10     | Offered knowledge of Sandblast by Vehumet.
 14210 | D:11     | Found a staircase to the Lair.
 14304 | D:11     | Noticed a two-headed ogre
 14312 | D:11     | Killed a two-headed ogre
 14313 | D:11     | Reached skill level 1 in Evocations
 14327 | D:11     | Noticed a boulder beetle
 14338 | D:11     | Killed a boulder beetle
 14338 | D:11     | Offered knowledge of Ignite Poison by Vehumet.
 14529 | D:11     | Noticed a white ugly thing
 14538 | D:11     | Killed a white ugly thing
 15063 | D:11     | Learned a level 3 spell: Ignite Poison
 15107 | Lair:1   | Entered Level 1 of the Lair of Beasts
 15112 | Lair:1   | Reached *** piety under Vehumet
 15114 | Lair:1   | Reached skill level 5 in Evocations
 15114 | Lair:1   | Reached skill level 1 in Poison Magic
 15769 | D:11     | Offered knowledge of Mephitic Cloud by Vehumet.
 15780 | Lair:1   | Reached XP level 12. HP: 69/69 MP: 26/30
 16490 | Lair:1   | Identified a scroll of acquirement
 16494 | Lair:1   | Acquired a staff of conjuration
 16518 | Lair:2   | Reached skill level 13 in Spellcasting
 17242 | Lair:2   | Reached **** piety under Vehumet
 17856 | Lair:3   | Noticed a five-headed hydra
 17860 | Lair:3   | Killed a five-headed hydra
 17905 | Lair:3   | Reached skill level 14 in Spellcasting
 18139 | Lair:3   | Noticed a four-headed hydra
 18173 | Lair:3   | Reached skill level 5 in Poison Magic
 18175 | Lair:3   | Offered knowledge of Freezing Cloud by Vehumet.
 18321 | Lair:3   | Reached skill level 1 in Fire Magic
 18363 | Lair:3   | Found a hole to the Spider Nest.
 18372 | Lair:3   | Reached skill level 10 in Hexes
 18391 | Lair:3   | Found a frozen archway.
 18404 | IceCv    | Entered an ice cave
 20013 | IceCv    | Mangled by an entropy weaver simulacrum

Illustrated notes

Levels and vault maps discovered:
D:1:      roderic_dead_forest, layout_rooms
D:2:      layout_loops_ring, basic_altar, uniq_robin
D:3:      layout_rooms, grunt_dithmenos_smoke,
          nicolae_kikubaaqudgha_miasma_corner
D:4:      layout_cave_pools, trog_wizard, serial_bayou, serial_bayou_lake_a,
          serial_bayou_pond_d, serial_bayou_lagoon_a, serial_bayou_pond_d,
          minmay_pentangle, uniq_crazy_yiuf_cottage, uniq_sigmund, uniq_menkaure
D:5:      layout_basic, mainiacjoe_overflow_brackets, kennysheep_donut
D:6:      layout_loops_ring, old_standard_altar, vehumet_statue,
          minmay_temple_entry_gardened_gates
D:7:      layout_loops_ring, nicolae_ru_the_path_less_chosen,
          okawaru_ov_weapons_minmay, uniq_duvessa
D:8:      layout_basic
D:9:      layout_rooms, kennysheep_generic_room_11
D:10:     layout_basic, zombieorc1_lemuel
D:11:     layout_cave_pools, due_lair_maze_entry_diamond, enter_bailey_5,
          chequers_serial_rivers_small_a, minmay_crystal_water
D:12:     layout_loops_cross, gammafunk_ghost_split, minivault_16
Temple:   minmay_temple_curvy_branch
Lair:1:   layout_layer_cave
Lair:2:   layout_loops_ring, serial_forest, infiniplex_forest_lined_3,
          infiniplex_forest_clump_cross, infiniplex_forest_clump_double,
          infiniplex_forest_end_double, infiniplex_forest_straight_4,
          infiniplex_forest_straight_4
Lair:3:   layout_regular_city, minmay_shoals_entry_hut, spider_nest_entry_webs,
          gauntlet_entry_generic, portal_ice_cave_entry_pillars_1
IceCv:    ice_cave_small_necro

Skill      XL: |  1  2  3  4  5  6  7  8  9 10 11 12 |
---------------+-------------------------------------+-----
Spellcasting   | 4 5 6 7 8 12 14 | 14.0
Conjurations   | 5 6 7 8 9 |  9.0
Hexes          | 3 5 7 9 10 | 10.4
Translocations | 3 5 7 |  7.0
Stealth        | 4 6 7 |  7.0
Fighting       | 5 7 |  7.0
Shields        | 4 |  4.0
Dodging        | 5 7 8 |  8.7
Evocations     | 5 |  5.0
Poison Magic   | 3 5 |  5.0
Fire Magic     | 2 |  2.7

Action                   |  1- 3 |  4- 6 |  7- 9 | 10-12 || total
-------------------------+-------+-------+-------+-------++-------
Melee: Dagger            |     6 |     2 |     1 |       ||     9
 Fire: Hunting sling     |       |    26 |    54 |   109 ||   189
Throw: Dart              |       |       |       |     2 ||     2
 Cast: Magic Dart        |    76 |    26 |       |     2 ||   104
       Searing Ray       |     3 |    21 |    59 |   113 ||   196
       Fulminant Prism   |       |       |    18 |    57 ||    75
       Iskenderun's Myst |       |       |    11 |    65 ||    76
Evoke: Wand              |       |       |     1 |     4 ||     5
  Use: Scroll            |       |     4 |    13 |    13 ||    30
       Potion            |       |       |     1 |     4 ||     5
Armor: Robe              |     2 |     4 |    12 |    30 ||    48
Dodge: Dodged            |    15 |     6 |    39 |    75 ||   135
Block: Buckler           |       |       |       |    34 ||    34

Table legend: (Time is in decaauts)
 A = Elapsed time spent in this place.
 B = Non-inter-level travel time spent in this place.
 C = Inter-level travel time spent in this place.
 D = Time resting spent in this place.
 E = Time spent auto-exploring this place.
 F = Levels seen in this place.
 G = Mean time per level.
                   A        B        C        D        E       F      G
               +--------+--------+--------+--------+--------+-----+--------+
         Total |  20087 |  19632 |    455 |  10443 |   6630 |  17 | 1181.6 |
       Dungeon |  15559 |  15214 |    345 |   8012 |   5398 |  12 | 1296.6 |
        Temple |    251 |    246 |      5 |      0 |    246 |   1 |  251.0 |
          Lair |   2662 |   2557 |    105 |   1027 |    936 |   3 |  887.3 |
      Ice Cave |   1612 |   1612 |      0 |   1403 |     50 |   1 | 1612.0 |
               +--------+--------+--------+--------+--------+-----+--------+

Top non-repeatable levels by time:
    D:10: 2773 daAuts
     D:4: 1998 daAuts
     D:6: 1697 daAuts
    D:11: 1640 daAuts
   IceCv: 1612 daAuts
     D:5: 1607 daAuts
  Lair:2: 1342 daAuts
     D:7: 1324 daAuts
     D:1: 1189 daAuts
     D:2: 1121 daAuts
     D:8: 940 daAuts
  Lair:1: 771 daAuts
     D:9: 757 daAuts
  Lair:3: 549 daAuts
     D:3: 507 daAuts
